 Dungeon Crawl Stone Soup version 0.24.0-123-gd5b16e6ec5 (webtiles) character file.

Game seed: 16022240921450570970, levelgen mode: deterministic

133 Chiseanne the Magician (level 4, 0/30 HPs)
             Began as a Demonspawn Wizard on Jan 20, 2020.
             Was an Initiate of Vehumet.
             Slain by Grinder (6 damage)
             ... on level 2 of the Dungeon.
             The game lasted 00:07:18 (5115 turns).

Chiseanne the Magician (Demonspawn Wizard)          Turns: 5115, Time: 00:07:19

Health: 0/30       AC:  4    Str:  7    XL:     4   Next: 93%
Magic:  1/10       EV: 12    Int: 20    God:    Vehumet [......]
Gold:   150        SH:  0    Dex: 12    Spells: 5/11 levels left

rFire    . . .     SeeInvis .   e - +0 dagger
rCold    . . .     Gourm    .   (no shield)
rNeg     . . .     Faith    .   a - +0 robe
rPois    .         Spirit   .   f - +0 helmet
rElec    .         Reflect  .   (no cloak)
rCorr    .         Harm     .   (no gloves)
MR       .....                  s - +0 pair of boots
Stlth    ++........             (no amulet)
HPRegen  0.10/turn              (no ring)
MPRegen  0.12/turn              (no ring)

@: very slightly contaminated
A: powered by pain 1
a: Renounce Religion


You were on level 2 of the Dungeon.
You worshipped Vehumet.
Vehumet was noncommittal.
You were not hungry.

You visited 1 branch of the dungeon, and saw 3 of its levels.

You collected 150 gold pieces.

Inventory:

Hand Weapons
 e - a +0 dagger (weapon)
 q - a +0 hunting sling
Missiles
 b - 180 stones (quivered)
 h - 53 arrows
 t - 35 sling bullets
Armour
 a - a +0 robe (worn)
 f - a +0 helmet (worn)
 s - a +0 pair of boots (worn)
Magical Staves
 n - an uncursed staff of earth {unknown}
Jewellery
 o - an uncursed amulet of the acrobat {unknown}
Scrolls
 c - a scroll of blinking {unknown}
 g - 2 scrolls of immolation {unknown}
 j - a scroll of teleportation {unknown}
 l - a scroll of amnesia {unknown}
 p - 2 scrolls of random uselessness {unknown}
 r - a scroll of identify {unknown}
 u - 2 scrolls of remove curse {unknown}
 v - a scroll of noise {unknown}
Potions
 i - a potion of flight {unknown}
 k - a potion of ambrosia {unknown}
 m - a potion of berserk rage {unknown}
 w - a potion of invisibility {unknown}
Comestibles
 d - 8 rations


   Skills:
 - Level 1.7 Dodging
 - Level 1.7 Stealth
 * Level 4.3 Spellcasting
 * Level 3.4 Conjurations
   Level 1.0 Summonings
 - Level 0.8 Translocations


You had 5 spell levels left.
You knew the following spells:

 Your Spells              Type           Power        Failure   Level  Hunger
a - Magic Dart            Conj           ###.         3%          1    None
b - Blink                 Tloc           N/A          13%         2    #......
c - Mephitic Cloud        Conj/Pois/Air  #.......     24%         3    ###....

Your spell library contained the following spells:

 Spells                   Type           Power        Failure   Level  Hunger
 Call Imp                 Summ           #.......     12%         2    #......
 Slow                     Hex            #.......     19%         2    #......
 Conjure Flame            Conj/Fire      ##......     19%         3    ###....


Dungeon Overview and Level Annotations

Branches:
Dungeon (3/15)

Altars:
Vehumet

Annotations:
D:2 Grinder
D:3 Ijyb


Innate Abilities, Weirdness & Mutations

You sometimes gain a little power by taking damage.


Message History

Grinder blinks!
Grinder blinks!
You hit Grinder.
Grinder is moderately wounded.
Grinder hits you.
You writhe in agony.
The phantom hits you!
The phantom blinks!
You closely miss Grinder.
Grinder is moderately wounded.
Grinder closely misses you.
Casting: Magic Dart (safe; 3% risk of failure)
Confirm with . or Enter, or press ? or * to list all spells.
Aiming: Magic Dart (safe; 3% risk of failure)
Press: ? - help, Shift-Dir - straight line, f - Grinder
Aim: Grinder (moderately wounded)
The magic dart hits Grinder.
Grinder is moderately wounded.
Grinder hits you!
* * * LOW HITPOINT WARNING * * *
You writhe in agony.
You die...

.# #.# #.#.# #. .# #.# #.#.# #.
## #.# #.#.# #. #.# #.#.# #. #.#
#.#.# #. ###.# #.#.# #. #...#####
#.#.# #. # #.##....#####5#.# #. #
#...........#@#.# #.
#######....###.#.#.# #.
#...##########.#.#.# #.
#................W.## #.
.................>..############.
#....#########.#.................
#....# #.#....############.
#....# #.#....# #........
#....#########.#....#####.#######


You could see Grinder and a phantom.

Vanquished Creatures
  An orc priest (D:3)
  Jessica (D:3)
  3 worms
  2 dart slugs (D:2)
  A leopard gecko (D:2)
  7 orcs
  A giant cockroach (D:2)
  3 goblins
  6 hobgoblins
  6 jackals
  A quokka (D:3)
  2 ball pythons (D:1)
  10 bats
  5 frilled lizards
  5 kobolds
  5 rats
59 creatures vanquished.

Notes
Turn   | Place    | Note
-------+----------+-------------------------------------------
     0 | D:1      | Chiseanne the Demonspawn Wizard began the quest for the
                  | Orb.
     0 | D:1      | Reached XP level 1. HP: 13/13 MP: 4/4
   401 | D:1      | Gained mutation: You sometimes gain a little power by
                  | taking damage. [demonic ancestry]
   401 | D:1      | Reached XP level 2. HP: 19/19 MP: 1/6
  1655 | D:2      | Reached XP level 3. HP: 24/24 MP: 6/8
  1778 | D:1      | Learned a level 2 spell: Blink
  1782 | D:1      | Learned a level 3 spell: Mephitic Cloud
  3113 | D:2      | Found a radiant altar of Vehumet.
  3121 | D:2      | Became a worshipper of Vehumet
  3620 | D:3      | Noticed Jessica
  3777 | D:3      | Killed Jessica
  3777 | D:3      | Reached skill level 4 in Spellcasting
  3777 | D:3      | Reached XP level 4. HP: 30/30 MP: 0/10
  4373 | D:3      | Noticed Grinder
  4442 | D:3      | Noticed a phantom
  4920 | D:3      | Noticed Ijyb
  5115 | D:2      | Slain by Grinder

Levels and vault maps discovered:
D:1:      elethiomel_arrival_shortcut, layout_basic
D:2:      layout_basic, vehumet_crystals
D:3:      layout_loops_ring, uniq_grinder, uniq_ijyb, uniq_jessica

Skill      XL: |  1  2  3  4 |
---------------+-------------+-----
Conjurations   | 2 3 |  3.4
Spellcasting   | 4 |  4.3
Dodging        | |  1.7
Stealth        | |  1.7
Summonings     | |  1.0
Translocations | |  0.8

Action                   |  1- 3 |  4- 6 || total
-------------------------+-------+-------++-------
Melee: Dagger            |    51 |    31 ||    82
Throw: Stone             |     3 |       ||     3
 Cast: Magic Dart        |   124 |    67 ||   191
       Mephitic Cloud    |     3 |     3 ||     6
       Blink             |       |     3 ||     3
 Stab: Confused          |     1 |     1 ||     2
       Sleeping          |     1 |       ||     1
  Eat: Chunk             |     8 |     5 ||    13
Armor: Robe              |     8 |     7 ||    15
Dodge: Dodged            |    30 |    28 ||    58
